 Dungeon Sprint DCSS version 0.28.0-43-g3370ac3207 (webtiles) character file.

Game seed: 5905929676171491305

18642 boopmooplesden the Executioner (level 12, -6/136 HPs)
             Began as a Minotaur Berserker on Mar 9, 2022.
             Was the Champion of Trog.
             Succumbed to a death drake's dark miasma
             ... in the Dungeon (Sprint II: "The Violet Keep of Menkaure").
             The game lasted 00:10:30 (3847 turns).

boopmooplesden the Executioner (Minotaur Berserker) Turns: 3847, Time: 00:10:31

Health: -6/136     AC: 25    Str: 29    XL:     12   Next: 29%
Magic:  11/11      EV: 12    Int:  4    God:    Trog [******]
Gold:   1705       SH:  0    Dex: 12    Spells: 11/11 levels left

rFire   + . .      SeeInvis .   D - +11 dire flail of Descent {vorpal, Str+4 Stlth+}
rCold   . . .      Faith    +   (shield currently unavailable)
rNeg    . . .      Spirit   .   y - +1 plate armour {rF+}
rPois   .          Reflect  .   (helmet restricted)
rElec   .          Harm     .   j - +1 cloak
rCorr   .          Rampage  .   v - +0 pair of gloves
Will    .....      NoTele   +   t - +0 pair of boots
Stlth   ..........              w - amulet of faith
HPRegen 0.32/turn               z - ring of flight
MPRegen 0.12/turn               (no ring)

@: lethally poisoned (-6 -> -70), on berserk cooldown, flying, slowed, very slow
A: horns 2, retaliatory headbutt
a: Renounce Religion, Berserk, Trog's Hand, Brothers in Arms


You were in the Dungeon.
You worshipped Trog.
Trog was exalted by your worship.
You visited 1 branch You collected 2677 gold pieces.
You spent 972 gold pieces at shops.

Inventory:

Hand Weapons
 a - a +0 hand axe
 k - a +3 battleaxe of flaming
 C - the +7 halberd of Massacring {venom, rElec Str+4 Dex+4}
   (You found it in the Dungeon)

   It poisons the flesh of those it strikes.
   Str:       It affects your strength (+4).
   Dex:       It affects your dexterity (+4).
   rElec:     It insulates you from electricity.
 D - the +11 dire flail of Descent (weapon) {vorpal, Str+4 Stlth+}
   (Trog gifted it to you in the Dungeon)

   It inflicts extra damage upon your enemies.
   Str:       It affects your strength (+4).
   Stlth:     It makes you more stealthy.
Armour
 b - a +0 animal skin
 i - a +0 chain mail of willpower
 j - a +1 cloak (worn)
 t - a +0 pair of boots (worn)
 v - a +0 pair of gloves (worn)
 x - a +0 plate armour
 y - a +1 plate armour of fire resistance (worn)
Jewellery
 o - the ring "Jamar" {Will+ Str+3}
   (You took it off an orc warlord in the Dungeon)

   [ring of willpower]

   Str:       It affects your strength (+3).
   Will:      It increases your willpower.
 w - an amulet of faith (around neck)
 z - a ring of flight (left hand)
 B - a ring of see invisible
Scrolls
 h - a scroll of blinking
 l - a scroll of amnesia {unknown}
 n - a scroll of silence {unknown}
 s - a scroll of fear
 u - 2 scrolls of acquirement {unknown}
Potions
 c - 2 potions of curing
 d - a potion of heal wounds
 e - 2 potions of haste
 f - 6 potions of magic
 g - a potion of berserk rage
 m - 2 potions of attraction {unknown}
 p - 2 potions of mutation {unknown}
 q - 10 potions of flight
 r - 2 potions of resistance
 A - a potion of experience {unknown}


   Skills:
 + Level 21.3 Fighting
 + Level 23.7 Axes
 + Level 0.3(15.7) Maces & Flails
 + Level 17.4 Armour
 + Level 9.7 Dodging
 + Level 1.7 Stealth


You had 11 spell levels left.
You didn't know any spells.
Your spell library was empty.

Dungeon Overview and Level Annotations

Branches:
Dungeon (1/1)

Altars:
Cheibriados
Dithmenos
Elyvilon
Fedhas
Gozag
Hepliaklqana
Kikubaaqudgha
Makhleb
Nemelex Xobeh
Okawaru
Qazlal
Ru
Sif Muna
Trog
Uskayaw
Vehumet
Wu Jian
Xom
Yredelemnul
Zin
The Shining One
Beogh
Jiyva
Lugonu

Shops:
D !:([:?(!:?*(=![[[*(=(*[!?=(?=:

Annotations:
D exclusion: obsidian statue, Roxanne


Innate Abilities, Weirdness & Mutations

You have a pair of horns on your head.
You reflexively headbutt those who attack you in melee.


Message History

The death drake bites you.
The death drake bites you but does no damage.
You see here a death drake corpse.
You miss the death drake.
* * * LOW HITPOINT WARNING * * *
You feel extremely sick.
The death drake bites you but does no damage.
You miss the death drake. Your headbutt misses the death drake.
* * * LOW HITPOINT WARNING * * *
You feel extremely sick.
The death drake bites you but does no damage.
You miss the death drake.
You headbutt the death drake, but do no damage.
* * * LOW HITPOINT WARNING * * *
You feel extremely sick. The death drake breathes miasma at you.
The foul vapour engulfs you.
You are more poisoned.
* * * LOW HITPOINT WARNING * * *
You feel better.
You are engulfed in dark miasma.
You are poisoned.
* * * LOW HITPOINT WARNING * * *
x2 You feel extremely sick.
The death drake bites you but does no damage.
The death drake bites you.
* * * LOW HITPOINT WARNING * * *
You puncture the death drake!
The death drake is moderately wounded.
You are engulfed in dark miasma.
You are lethally poisoned!
* * * LOW HITPOINT WARNING * * *
You feel extremely sick. The death drake barely misses you.
You stick the death drake like a pincushion!!!
The death drake is almost dead.
You are engulfed in dark miasma.
You are more poisoned.
You feel as though you will be slow longer.
* * * LOW HITPOINT WARNING * * *
You die...

..○.°..##,,,,*,,*▓▓+▓▓▓▓.▓,*,,,**
..8.....#*++**,,,+.°.▓0..▓,,,,,**
.......**≈§..***,#.°.▓▓▓▓▓▓▓▓▓▓**
....○,**,≈,...,**#...▓≈≈§≈≈≈§≈▓▓*
++#+++##***,.^.*,##°)▓▓▓▓▓▓▓▓▓▓▓*
...)...#,,+,,^.*,.#))▓.(..[()(▓▓,
##'##..#,,***#.*,9#|"▓=((...(.▓▓,
#(#(##.####,,+.##k#)}▓[)......▓▓,
.##..#,...#,,#^.@####▓(.......▓▓,
##..####..##*##..##.#▓)..)....▓▓,
#)###.##..#,,+..#..#▓)(..[..[▓▓,
##.##...#..#,,#..#.)#▓....=.()▓▓,
'.<.'###)..####..##.#▓:[.).(((▓▓,
##.##...#....###...##▓▓▓▓▓▓▓'▓▓▓▓
##'###.##......≈≈≈≈≈≈≈≈≈§≈§≈...≈≈
#.#.####≈≈.....≈#+########'###.≈≈
..#..#≈≈≈≈≈≈≈..≈#.._._._.#§≈≈##§§


You could see a death drake and a crystal guardian.

Vanquished Creatures
  the Lernaean hydra (D)
  A kraken (D)
  Kirke (D)
  An orc warlord (D)
  A great orb of eyes (D)
  2 boulder beetles (D)
  A yaktaur captain (D)
  A centaur warrior (D)
  An ice dragon (D)
  A death drake (D)
  A skeletal warrior (D)
  2 deep trolls (D)
  An oklob plant (D)
  3 manticores (D)
  2 slime creatures (D)
  An ice statue (D)
  2 toenail golems (D)
  An elephant (D)
  2 unseen horrors (D)
  A kobold demonologist (D)
  A yaktaur (D)
  A hornet (D)
  5 polar bears (D)
  5 wyverns (D)
  Menkaure (D)
  4 water moccasins (D)
  A swamp drake (D)
  5 necrophages (D)
  4 scorpions (D)
  4 lava snakes (D)
  4 orc priests (D)
  An iron imp (D)
  A hell rat (D)
  3 worms (D)
  2 tentacles (D)
69 creatures vanquished.

Vanquished Creatures (others)
  8 tentacles (D)
8 creatures vanquished.

Grand Total: 77 creatures vanquished

Notes
Turn   | Place    | Note
-------+----------+-------------------------------------------
     0 | D        | boopmooplesden the Minotaur Berserker began the quest for
                  | the Orb.
     0 | D        | Reached XP level 1. HP: 19/19 MP: 0/0
     7 | D        | Reached skill level 4 in Axes
    18 | D        | Noticed an obsidian statue
    25 | D        | Reached ** piety under Trog
    26 | D        | Reached XP level 2. HP: 7/28 MP: 1/1
   256 | D        | Noticed a boulder beetle
   256 | D        | Noticed a boulder beetle
   260 | D        | Noticed a necrophage
   260 | D        | Noticed a necrophage
   260 | D        | Noticed a necrophage
   260 | D        | Noticed a necrophage
   264 | D        | HP: 2/42 [necrophage (1)]
   268 | D        | Killed a necrophage
   269 | D        | Reached skill level 8 in Axes
   269 | D        | Reached XP level 3. HP: 3/39 MP: 2/2
   269 | D        | Reached XP level 4. HP: 4/47 MP: 3/3
   271 | D        | Killed a necrophage
   272 | D        | Reached skill level 9 in Axes
   272 | D        | Reached XP level 5. HP: 6/56 MP: 4/4
   273 | D        | Killed a necrophage
   273 | D        | Reached *** piety under Trog
   274 | D        | Reached skill level 11 in Axes
   277 | D        | Killed a necrophage
   278 | D        | Reached skill level 12 in Axes
   278 | D        | Reached skill level 5 in Dodging
   278 | D        | Reached XP level 6. HP: 7/66 MP: 5/5
   561 | D        | Reached skill level 10 in Fighting
   567 | D        | Reached skill level 13 in Axes
   569 | D        | Reached XP level 7. HP: 37/73 MP: 6/6
   572 | D        | Reached **** piety under Trog
   773 | D        | Found Kiapsephono's Distillery.
   773 | D        | Found Zukamy Gudeh's Antique Armour Boutique.
   773 | D        | Found Gegu's Jewellery Shop.
   773 | D        | Found Tiamme Fyag's Jewellery Boutique.
   773 | D        | Found Umaxani's Magic Scroll Shop.
   773 | D        | Found Kereex's Antique Armour Boutique.
   773 | D        | Found Rokkar's Magic Scroll Boutique.
   773 | D        | Found Rueruam's Antique Weapon Boutique.
   774 | D        | Found Vaot's Distillery.
   774 | D        | Found Koral's Jewellery Boutique.
   774 | D        | Noticed Menkaure
   774 | D        | Noticed a wyvern
   774 | D        | Noticed a wyvern
   783 | D        | Reached skill level 14 in Axes
   793 | D        | Killed Menkaure
   794 | D        | Reached skill level 5 in Armour
   862 | D        | Found Fiuthyeff's Book Boutique.
   862 | D        | Found Taniublo's Distillery.
   862 | D        | Noticed an oklob plant
   863 | D        | Found Leikh's Antique Armour Shop.
   863 | D        | Found Lewohuar's Weapon Boutique.
   863 | D        | Found Nailu's Book Shoppe.
   863 | D        | Noticed a polar bear
   863 | D        | Noticed a polar bear
   867 | D        | Noticed a slime creature
   871 | D        | Bought a shiny chain mail for 135 gold pieces
   871 | D        | Bought a glowing cloak for 135 gold pieces
   887 | D        | Noticed a slime creature
   925 | D        | Noticed an ice statue
   935 | D        | Found a hazy altar of Hepliaklqana.
   935 | D        | Found a snail-covered altar of Cheibriados.
   936 | D        | Found a stormy altar of Qazlal.
   936 | D        | Found a viscous altar of Jiyva.
   936 | D        | Found a shadowy altar of Dithmenos.
   937 | D        | Found a sacrificial altar of Ru.
   937 | D        | Found an ancient bone altar of Kikubaaqudgha.
   937 | D        | Found a white marble altar of Elyvilon.
   938 | D        | Found an ornate altar of the Wu Jian Council.
   938 | D        | Found a shimmering blue altar of Sif Muna.
   938 | D        | Found a corrupted altar of Lugonu.
   939 | D        | Found a shimmering altar of Xom.
   939 | D        | Found a bloodstained altar of Trog.
   939 | D        | Found a burning altar of Makhleb.
   940 | D        | Found a glowing golden altar of the Shining One.
   940 | D        | Found a basalt altar of Yredelemnul.
   940 | D        | Found a hide-covered altar of Uskayaw.
   941 | D        | Found a glowing silver altar of Zin.
   942 | D        | Noticed a yaktaur
   942 | D        | Noticed a hornet
   942 | D        | Noticed a polar bear
   942 | D        | Noticed a polar bear
   948 | D        | Killed a polar bear
   948 | D        | Reached ***** piety under Trog
   948 | D        | Noticed a polar bear
   949 | D        | Reached skill level 15 in Axes
   949 | D        | Reached XP level 8. HP: 83/83 MP: 7/7
   953 | D        | Killed a polar bear
   959 | D        | Killed a polar bear
   960 | D        | Reached skill level 16 in Axes
   962 | D        | Killed a hornet
   968 | D        | Killed a yaktaur
   969 | D        | Reached skill level 17 in Axes
  1019 | D        | Found a radiant altar of Vehumet.
  1044 | D        | Noticed a kraken
  1052 | D        | Received a gift from Trog
  1053 | D        | Reached XP level 9. HP: 83/94 MP: 8/8
  1542 | D        | Killed a kraken
  1543 | D        | Reached skill level 15 in Fighting
  1543 | D        | Reached skill level 19 in Axes
  1804 | D        | Found a sparkling altar of Nemelex Xobeh.
  1804 | D        | Found a blossoming altar of Fedhas.
  1805 | D        | Found an iron altar of Okawaru.
  1805 | D        | Found an opulent altar of Gozag.
  1822 | D        | Identified Roxanne's Collected Works on the Mountains
  1822 | D        | Noticed Roxanne
  1841 | D        | Noticed a deep troll
  1841 | D        | Noticed a deep troll
  1848 | D        | Killed a deep troll
  1852 | D        | Killed a deep troll
  1853 | D        | Reached XP level 10. HP: 107/107 MP: 9/9
  1910 | D        | Killed a boulder beetle
  1910 | D        | Received a gift from Trog
  1911 | D        | Reached skill level 20 in Axes
  1911 | D        | Reached skill level 1 in Stealth
  1934 | D        | Bought a shiny plate armour for 702 gold pieces
  1976 | D        | Noticed Kirke
  1976 | D        | Noticed a yaktaur captain
  1987 | D        | Killed a yaktaur captain
  1988 | D        | Reached skill level 10 in Armour
  1995 | D        | Noticed an elephant
  1997 | D        | Killed Kirke
  2004 | D        | Killed an elephant
  2004 | D        | Reached ****** piety under Trog
  2005 | D        | Reached skill level 21 in Axes
  2006 | D        | Noticed a manticore
  2006 | D        | Noticed a centaur warrior
  2016 | D        | Killed a centaur warrior
  2017 | D        | Noticed a manticore
  2022 | D        | Killed a manticore
  2023 | D        | Reached XP level 11. HP: 25/118 MP: 10/10
  2023 | D        | Received a gift from Trog
  2232 | D        | Noticed a skeletal warrior
  2241 | D        | Killed a skeletal warrior
  2409 | D        | Received a gift from Trog
  2422 | D        | Noticed an ice dragon
  2422 | D        | Noticed a great orb of eyes
  2425 | D        | Killed a great orb of eyes
  2426 | D        | Reached skill level 22 in Axes
  2430 | D        | Killed an ice dragon
  2461 | D        | Found Bekhal's Distillery.
  2461 | D        | Found Jurphe's Magic Scroll Shop.
  2461 | D        | Found Urosmoo's Book Shop.
  2461 | D        | Found Rooli's Weapon Shoppe.
  2461 | D        | Found Hevi's Antique Weapon Boutique.
  2462 | D        | Found Aleho's Assorted Antiques.
  2462 | D        | Found Ryety's Antique Armour Boutique.
  2462 | D        | Found Ysieqoef's Assorted Antiques.
  2462 | D        | Found Kifrunk's Antique Weapon Shop.
  2462 | D        | Found Attuddyd's Armour Emporium.
  2462 | D        | Found Moqoal's Weapon Shop.
  2462 | D        | Found Wagaz's General Store.
  2557 | D        | Reached skill level 15 in Armour
  2572 | D        | Identified the +10 short sword "Ripn" {pain, Dex+2}
  2600 | D        | Noticed an orc warlord
  2602 | D        | Noticed the 27-headed Lernaean hydra
  3028 | D        | Received a gift from Trog
  3034 | D        | Killed an oklob plant
  3125 | D        | Identified the ring "Jamar" {Will+ Str+3}
  3130 | D        | Killed an orc warlord
  3131 | D        | Reached skill level 23 in Axes
  3196 | D        | Received a gift from Trog
  3209 | D        | Killed the 22-headed Lernaean hydra
  3210 | D        | Reached XP level 12. HP: 99/134 MP: 11/11
  3417 | D        | Found Buleim's Magic Scroll Shoppe.
  3439 | D        | Identified the +0 ring mail "Urghasaph" {rF+ Will- Dex+3}
  3440 | D        | Identified the +0 helmet "Hudu" {rElec rC+ Dex+4 SInv}
  3446 | D        | Found Hurch's Jewellery Boutique.
  3446 | D        | Found Maufab's Book Shoppe.
  3451 | D        | Identified the +7 halberd of Massacring {venom, rElec Str+4
                  | Dex+4}
  3605 | D        | Killed a boulder beetle
  3813 | D        | Identified the +11 dire flail of Descent {vorpal, Str+4
                  | Stlth+} (Trog gifted it to you in the Dungeon)
  3813 | D        | Received a gift from Trog
  3840 | D        | Noticed a crystal guardian
  3847 | D        | Succumbed to a death drake's dark miasma

Illustrated notes

Levels and vault maps discovered:
D:        the_violet_keep_of_menkaure [sprint2_stairs_cluster_1,
          sprint2_shoproom, sprint2_temple, sprint2_basic_supplies,
          sprint2_obstacle_2, sprint2_obstacle_6, sprint2_obstacle_3,
          sprint2_obstacle_5, sprint2_obstacle_7, sprint2_timed_cluster_1,
          sprint2_smallroom_cluster_1, sprint2_smallroom_final_cluster_1,
          sprint2_transparent_cluster_1, sprint2_second_timed_cluster_1,
          sprint2_sniper_area_1, sprint2_heavy_combat_area_1,
          sprint2_mutation_trap_area_1, sprint2_forest_area_1,
          sprint2_light_combat_area_1, sprint2_behind_water_1,
          sprint2_near_end_vault_1]

Skill      XL: |  1  2  3  4  5  6  7  8  9 10 11 12 |
---------------+-------------------------------------+-----
Fighting       | 4 7 8 9 10 12 13 15 17 20 21 | 21.3
Axes           | 4 8 9 12 13 15 17 19 21 23 | 23.7
Armour         | 3 4 5 9 12 17 | 17.4
Dodging        | 3 4 5 6 8 9 |  9.7
Stealth        | 1 |  1.7
Maces & Flails | |  0.3

Action                   |  1- 3 |  4- 6 |  7- 9 | 10-12 || total
-------------------------+-------+-------+-------+-------++-------
Melee: Hand axe          |    18 |    18 |    72 |       ||   108
       Headbutt          |     4 |     3 |    13 |    37 ||    57
       Punch             |       |     1 |     1 |       ||     2
       Battleaxe         |       |       |    17 |   124 ||   141
       Dire flail        |       |       |       |     9 ||     9
Invok: Berserk           |     1 |       |     4 |     8 ||    13
  Use: Scroll            |       |       |       |     6 ||     6
       Potion            |       |       |       |     3 ||     3
Armor: Animal skin       |       |     2 |     1 |       ||     3
       Chain mail        |       |       |    16 |       ||    16
       Plate armour      |       |       |     5 |   153 ||   158
Dodge: Dodged            |     7 |     6 |    46 |    50 ||   109
